Map: Jagannatha LE

Players

Stats

  • Race: Protoss Protoss
  • League: Grandmaster
  • Spawn Location: 1:00

DPGRogue (Rogue) - Winner!

  • Race: Zerg Zerg
  • Spawn Location: 7:00

Event: StayAtHome Story Cup #3

VOD

Have the link to the VOD?

Description

Time

  • Played on: March 14, 2021, 2:03 p.m.
  • Length: 10:47

All games in this series

Show
View Real Time Build Order
Export as new Build Order

Stats Protoss 

Build Orders: 1 Gate Expand, Oracle Opening, Zealot Archon 

Get SALT Encoding   

  12  0:00  Probe  
  13  0:14  Pylon  
  13  0:18  Probe (Chrono Boost)  
  14  0:27  Probe (Chrono Boost)  
  15  0:32  Probe  
  16  0:42  Gateway  
  16  0:44  Probe  
  16  0:49  Assimilator  
  17  0:56  Probe  
  18  1:08  Probe  
  19  1:20  Probe  
  20  1:27  Nexus  
  20  1:37  Cybernetics Core  
  20  1:39  Probe  
  21  1:47  Assimilator  
  21  1:51  Probe  
  22  1:57  Pylon  
  22  2:04  Probe  
  23  2:12  Adept (Chrono Boost)  
  25  2:16  Probe  
  25  2:19  Stargate  
  26  2:28  Probe (Chrono Boost), Warp Gate  
  27  2:36  Adept  
  29  2:40  Probe (Chrono Boost)  
  29  2:44  Probe (Chrono Boost)  
  31  2:49  Probe (Chrono Boost)  
  33  2:52  Probe (Chrono Boost)  
  33  2:57  Probe x2 (Chrono Boost)  
  35  3:02  Void Ray (Chrono Boost)  
  35  3:06  Adept  
  35  3:07  Probe  
  35  3:08  Probe  
  43  3:16  Pylon  
  43  3:19  Probe  
  44  3:20  Probe  
  44  3:26  Gateway  
  45  3:31  Probe  
  46  3:34  Probe  
  46  3:38  Oracle  
  50  3:46  Probe x2  
  48  3:58  Nexus  
  48  3:59  Pylon  
  48  4:02  Probe (Chrono Boost)  
  50  4:04  Assimilator  
  50  4:05  Probe (Chrono Boost)  
  50  4:07  Assimilator  
  50  4:12  Probe (Chrono Boost)  
  50  4:14  Stargate  
  50  4:15  Probe (Chrono Boost)  
  52  4:17  Probe (Chrono Boost)  
  52  4:21  Void Ray  
  53  4:25  Probe  
  53  4:28  Probe  
  59  4:34  Pylon  
  59  4:37  Probe  
  60  4:40  Probe  
  60  4:45  Pylon  
  61  4:49  Probe  
  62  4:53  Probe  
  62  4:55  Void Ray  
  62  4:57  Forge  
  62  4:58  Twilight Council  
  63  5:01  Void Ray  
  63  5:02  Probe (Chrono Boost)  
  63  5:05  Probe (Chrono Boost)  
  69  5:10  Probe (Chrono Boost), Shield Battery  
  75  5:14  Probe (Chrono Boost)  
  75  5:17  Probe (Chrono Boost)  
  75  5:20  Probe (Chrono Boost)  
  75  5:21  Probe (Chrono Boost)  
  78  5:22  Probe (Chrono Boost)  
  78  5:25  Probe (Chrono Boost)  
  78  5:28  Probe, Robotics Facility  
  80  5:31  Probe  
  80  5:33  Adept  
  83  5:36  Protoss Ground Weapons Level 1 (Chrono Boost)  
  83  5:37  Probe  
  83  5:41  Probe  
  85  5:43  Probe, Gateway  
  85  5:45  Gateway  
  85  5:47  Charge  
  85  5:49  Probe  
  87  5:50  Assimilator  
  87  5:53  Probe, Assimilator  
  92  6:05  Gateway  
  92  6:06  Gateway, Pylon  
  92  6:08  Probe x3  
  92  6:10  Pylon  
  91  6:12  Pylon  
  91  6:20  Observer (Chrono Boost)  
  91  6:25  Gateway x2  
  92  6:31  Gateway  
  92  6:33  Templar Archives, Warp Prism (Chrono Boost)  
  92  6:35  Gateway  
  92  6:37  Gateway  
  92  6:39  Pylon  
  94  6:40  Pylon  
  94  6:43  Photon Cannon  
  94  6:48  Zealot x2  
  94  6:51  Zealot x2  
  102  7:16  High Templar x5  
  102  7:17  High Templar  
  102  7:21  Archon x3  
  114  7:25  Photon Cannon  
  114  7:27  Zealot  
  114  7:29  Zealot x3  
  122  7:34  Zealot  
  124  7:48  Protoss Ground Weapons Level 2  
  124  7:50  Psionic Storm  
  124  7:53  Zealot x6  
  124  7:54  Zealot  
  124  7:56  Nexus  
  124  7:57  Pylon  
  124  7:58  Pylon  
  133  8:00  Photon Cannon, Pylon  
  133  8:02  Pylon  
  133  8:03  Immortal (Chrono Boost)  
  131  8:10  High Templar  
  131  8:14  High Templar  
  133  8:29  Immortal (Chrono Boost)  
  133  8:32  Shield Battery  
  133  8:34  Shield Battery  
  133  8:35  Shield Battery  
  133  8:37  Photon Cannon, High Templar x4  
  144  8:48  Zealot x7  
  152  8:56  Immortal (Chrono Boost)  
  150  9:09  High Templar, Zealot x4  
  154  9:10  Zealot  
  154  9:13  Pylon  
  154  9:14  Pylon  
  152  9:17  Pylon  
  152  9:18  Pylon  
  152  9:21  Archon  
  128  9:26  Zealot x3  
  128  9:27  Zealot x2  
  121  9:32  Zealot x3  
  128  9:43  Zealot  
  114  9:49  Zealot x5  
  114  9:55  Zealot x3  
  117  10:04  Zealot  
  109  10:12  Zealot x5  
  105  10:20  Zealot x3  
  101  10:26  Zealot  
  91  10:33  Zealot x4  
  91  10:34  Zealot  
Show
View Real Time Build Order
Export as new Build Order

DPGRogue Zerg - Winner!

Build Orders: Hatch First 

Get SALT Encoding   

  12  0:01  Drone  
  13  0:12  Overlord  
  13  0:16  Drone  
  14  0:30  Drone  
  15  0:43  Drone  
  15  0:44  Drone  
  17  0:52  Hatchery  
  17  0:55  Drone  
  17  0:59  Drone  
  18  1:10  Extractor  
  17  1:15  Spawning Pool  
  17  1:16  Drone  
  17  1:20  Drone  
  18  1:28  Drone  
  19  1:39  Overlord  
  19  1:50  Drone  
  20  2:03  Queen  
  20  2:04  Queen  
  20  2:05  Zergling x4  
  26  2:12  Metabolic Boost  
  26  2:13  Drone  
  27  2:16  Drone  
  27  2:22  Drone  
  29  2:29  Drone  
  30  2:32  Drone  
  31  2:38  Drone  
  32  2:45  Hatchery  
  32  2:46  Zergling x2  
  32  2:53  Queen  
  32  2:57  Overlord  
  33  2:59  Drone  
  33  3:01  Zergling x2  
  35  3:16  Drone  
  35  3:17  Drone x3, Zergling x4  
  35  3:19  Overlord  
  41  3:24  Queen  
  43  3:29  Overlord  
  42  3:43  Drone x6  
  42  3:44  Drone x2  
  49  3:50  Spore Crawler  
  49  3:51  Drone  
  49  3:54  Drone  
  50  3:59  Queen  
  52  4:03  Drone, Spore Crawler  
  52  4:04  Drone  
  52  4:06  Drone  
  52  4:08  Drone  
  52  4:09  Drone  
  55  4:11  Drone  
  55  4:14  Drone x2  
  58  4:18  Overlord  
  58  4:24  Drone x2  
  58  4:29  Queen  
  61  4:34  Zergling x10  
  61  4:37  Queen  
  66  4:41  Drone x3  
  66  4:42  Drone x2  
  66  4:45  Spore Crawler  
  69  4:46  Drone  
  69  4:52  Roach Warren  
  68  4:53  Drone x2  
  68  4:57  Drone x3  
  73  5:00  Extractor  
  73  5:01  Extractor, Lair  
  73  5:02  Extractor  
  73  5:06  Queen  
  72  5:09  Drone  
  72  5:10  Overlord  
  73  5:19  Extractor, Overlord  
  73  5:20  Overlord  
  72  5:21  Extractor  
  72  5:22  Drone x2  
  72  5:28  Evolution Chamber  
  72  5:31  Drone x9  
  81  5:38  Drone  
  81  5:39  Drone x4  
  84  5:47  Drone x4  
  84  5:48  Queen  
  90  5:53  Overlord  
  90  6:00  Hatchery  
  90  6:02  Glial Reconstitution  
  90  6:03  Zerg Missile Weapons Level 1  
  89  6:05  Overseer  
  89  6:07  Pneumatized Carapace  
  89  6:09  Zergling x4  
  90  6:12  Drone  
  90  6:13  Drone x3  
  90  6:14  Overlord  
  94  6:19  Drone x3  
  94  6:20  Overseer  
  94  6:23  Overlord  
  94  6:24  Queen  
  99  6:29  Queen  
  101  6:35  Drone x4  
  105  6:50  Hatchery  
  105  6:52  Extractor  
  102  6:54  Overlord  
  102  6:56  Drone  
  102  6:57  Spire  
  102  6:58  Roach  
  102  6:59  Roach x6  
  116  7:03  Roach x2  
  116  7:06  Roach  
  122  7:09  Overlord x2  
  122  7:10  Overlord  
  122  7:14  Overlord  
  122  7:21  Overlord  
  122  7:25  Roach x4  
  122  7:26  Roach x3  
  122  7:29  Overlord  
  136  7:39  Roach x2  
  136  7:40  Roach x5  
  147  7:44  Roach  
  147  7:45  Roach x3  
  147  7:46  Overseer  
  147  7:50  Roach  
  147  7:51  Roach x5  
  166  7:52  Roach  
  166  7:56  Overlord  
  166  7:58  Roach x3  
  172  8:10  Roach x5  
  182  8:14  Overlord x2  
  182  8:19  Overlord  
  182  8:24  Ravager x12  
  182  8:25  Ravager, Overlord  
  182  8:26  Overlord  
  191  8:33  Zerg Flyer Weapons Level 1  
  191  8:36  Zergling x16  
  199  8:46  Roach  
  198  8:49  Zergling x4  
  193  8:58  Roach x4  
  192  9:03  Roach x3  
  192  9:04  Roach  
  183  9:17  Roach x6  
  172  9:29  Roach x10  
  146  9:38  Queen  
  146  9:39  Roach  
  146  9:41  Roach x3  
  146  9:42  Roach  
  150  9:50  Roach  
  150  9:51  Roach  
  150  9:52  Roach x2  
  156  9:54  Ravager x3  
  156  9:55  Ravager  
  156  9:56  Ravager  
  156  9:57  Roach  
  154  10:05  Roach  
  154  10:06  Roach x2  
  139  10:11  Roach  
  139  10:13  Roach x2  
  124  10:24  Roach  
  124  10:26  Roach x2  
Tags
 
Add a new tag
Caveats
  • Supply blocks, unpowered buildings, or Contaminate may cause inaccurate times.
  • Supply counts are checked every 10 seconds.